 Dungeon Crawl Stone Soup version 0.13-a0-2776-g5b28ffd (webtiles) character file.

1410 Maxxillo13 the Basher (level 8, 0/66 HPs)
             Began as a Centaur Fighter on Aug 24, 2013.
             Was an Initiate of Okawaru.
             Succumbed to a killer bee's poison
             ... on Level 5 of the Dungeon.
             The game lasted 00:26:32 (7410 turns).

Maxxillo13 the Basher (Centaur Fighter)             Turns: 7410, Time: 00:26:32

HP   0/66        AC  9     Str 21      XL: 8   Next: 18%
MP   5/5         EV  4     Int 12      God: Okawaru [......]
Gold 237         SH 17     Dex  9      Spells:  0 memorised,  7 levels left

Res.Fire  : . . .   See Invis. : .   a - +0 mace
Res.Cold  : . . .   Warding    : .   b - +0 scale mail
Life Prot.: . . .   Conserve   : .   c - +0 shield
Res.Poison: .       Res.Corr.  : .   (no helmet)
Res.Elec. : .       Clarity    : .   (no cloak)
Sust.Abil.: . .     Spirit.Shd : .   J - +2 pair of gauntlets (curse)
Res.Mut.  : .       Stasis     : .   (no barding)
Res.Rott. : .       Flight     : .   (no amulet)
Saprovore : . . .                    (no ring)
                                     (no ring)

@: brilliant, mildly poisoned, very quick, slightly resistant to hostile
enchantments, extremely unstealthy
A: hooves 3, deformed body, herbivore 1, speed 2, fast metabolism 1, tough skin
3
a: Renounce Religion


You were on level 5 of the Dungeon.
You worshipped Okawaru.
Okawaru was pleased with you.
You were very hungry.

You visited 2 branches of the dungeon, and saw 7 of its levels.
You also visited: Sewer.

You collected 217 gold pieces.

Inventory:

Hand weapons
 a - a +0,+0 mace (weapon)
 f - a +1,+2 whip of flaming
 D - the +5,+1 short sword of Poverty {slice, rElec rC++, unknown}
   (You took it off a kobold on level 4 of the Dungeon)

   It inflicts extra damage upon your enemies.
   It greatly protects you from cold.
   It insulates you from electricity.
Missiles
 n - 26 poisoned needles
 t - 5 needles of slowing
Armour
 b - a +0 scale mail (worn)
 c - a +0 shield (worn)
 J - a cursed +2 pair of gauntlets (worn)
Magical devices
 e - a wand of draining (0)
 s - a wand of draining (0)
Comestibles
 d - 4 bread rations
 p - 2 meat rations
Scrolls
 h - a scroll of curse armour
 i - 2 scrolls of amnesia
 m - 2 scrolls of teleportation
 y - a scroll of enchant armour {unknown}
 z - a scroll of remove curse
 B - a scroll of enchant weapon I {unknown}
 I - 2 scrolls of identify
 K - 2 scrolls of fear {unknown}
Jewellery
 C - a cursed ring of teleportation
 H - a cursed ring of hunger {unknown}
Potions
 l - a potion of degeneration {unknown}
 r - a potion of slowing {unknown}
 u - a potion of cure mutation {unknown}
 v - 2 potions of restore abilities {unknown}
 E - 2 potions of berserk rage {unknown}
 G - 2 potions of brilliance
 N - a potion of flight {unknown}
 O - a potion of invisibility


   Skills:
 - Level 3.3 Fighting
 + Level 8.9 Maces & Flails
 - Level 2.3 Armour
 - Level 2.4 Shields


You had 7 spell levels left.
You didn't know any spells.

Dungeon Overview and Level Annotations

Branches:
Dungeon (6/27)             Temple (1/1) D:4
    Orc: D:6-11

Altars:
Ashenzari
Cheibriados
Elyvilon
Fedhas
Kikubaaqudgha
Makhleb
Nemelex Xobeh
Okawaru
Sif Muna
Trog
Vehumet
Xom
Yredelemnul
Zin
the Shining One
Jiyva

Shops:
D:4 +


Innate Abilities, Weirdness & Mutations

You have hooves in place of feet.
Armour fits poorly on your strangely shaped body.
You digest meat inefficiently.
You cover ground very quickly.
You have a fast metabolism.
You have extremely tough skin (AC +3).


Message History

You are near starving!
The killer bee stings you but does no damage.
You block the killer bee's attack. The gnoll hits you but does no damage.
Drink which item? (? for menu, Esc to quit)
You feel more clever all of a sudden.
It was a potion of brilliance.
You are feeling very hungry.
You block the killer bee's attack.
The killer bee stings you but does no damage.
The killer bee stings you.
* * * LOW HITPOINT WARNING * * *
You are more poisoned.
The killer bee poisons you!
There is an open door here.
You block the killer bee's attack.
Items here: ((((( 52 bolts; 133 stones; 37 sling bullets; 17 arrows; 101 darts The killer bee stings you.
* * * LOW HITPOINT WARNING * * *
You die...

.####....##.# #.#.#.#...#
#.#.#. .# #....##.# #.#.###...#
#.#... .# #....##.# #.#.# #...#
#.#### .# #######.# #.#.###...#
#..... ###########.#
#.#...#...# #####. #)......#.#
#.#.#.#...# #. #.......#.#
#.#)#.#O..########.
#.......#'###)#.#.#...##.......
#..........)k.@.#.#...##.######
######.......##.#.#....#.#
#.......##.#.#....#.#
####g#####.#.#....#.#
###########.#####.#.#..#.#.#
........>................#.#
########.##.........#.####.# #
#.##.#########......# # #....#
#.######


You could see a killer bee and a gnoll.

Vanquished Creatures
  A black bear (D:4)
  2 phantoms (D:4)
  An ogre (D:5)
  A water moccasin (D:3)
  An ice beast (D:5)
  A giant frog (D:3)
  4 killer bees (D:5)
  A crimson imp (D:5)
  3 hounds
  An orc priest (D:5)
  A worker ant (D:4)
  A scorpion (D:5)
  5 adders
  7 gnolls (D:5)
  3 giant mites
  2 worms
  A goliath beetle zombie (D:5)
  An iguana skeleton (D:4)
  5 giant geckos
  3 oozes
  7 orcs
  10 goblins
  10 hobgoblins
  17 jackals
  6 quokkas
  A ball python (D:4)
  18 bats
  4 giant cockroaches
  7 giant newts
  2 goblin skeletons (D:5)
  7 kobolds
  15 rats
149 creatures vanquished.

Notes
Turn   | Place    | Note
--------------------------------------------------------------
     0 | D:1      | Maxxillo13, the Centaur Fighter, began the quest for the Orb.
     0 | D:1      | Reached XP level 1. HP: 19/19 MP: 0/0
   334 | D:1      | Reached XP level 2. HP: 26/26 MP: 1/1
   515 | D:1      | Reached XP level 3. HP: 33/33 MP: 2/2
   625 | D:1      | Found a sparkling altar of Nemelex Xobeh.
  1978 | D:2      | Reached XP level 4. HP: 39/39 MP: 2/2
  2119 | D:3      | Found a snail-covered altar of Cheibriados.
  2470 | D:3      | Noticed a water moccasin
  2471 | D:3      | Noticed a giant frog
  2478 | D:3      | Killed a giant frog
  2478 | D:3      | Reached skill level 4 in Maces & Flails
  2478 | D:3      | Reached XP level 5. HP: 46/46 MP: 3/3
  2488 | D:3      | Killed a water moccasin
  2916 | D:3      | Reached skill level 5 in Maces & Flails
  3358 | D:4      | Found a staircase to the Ecumenical Temple.
  3358 | D:4      | Noticed a phantom
  3375 | D:4      | Killed a phantom
  3375 | D:4      | Reached XP level 6. HP: 31/52 MP: 4/4
  3388 | Temple   | Entered the Ecumenical Temple
  3570 | Temple   | Became a worshipper of Warmaster Okawaru
  3741 | D:4      | Found Mithiuli's Book Boutique.
  3796 | D:4      | Reached skill level 6 in Maces & Flails
  3843 | D:4      | Noticed a black bear
  3858 | D:4      | Killed a black bear
  3907 | D:4      | Found a sparkling altar of Nemelex Xobeh.
  3937 | D:4      | Got an encrusted short sword
  3977 | D:4      | Reached XP level 7. HP: 46/58 MP: 4/4
  4095 | D:4      | Reached skill level 7 in Maces & Flails
  4231 | D:5      | Entered Level 5 of the Dungeon
  4419 | D:5      | Acquired Okawaru's first power
  4947 | D:5      | Found an ancient bone altar of Kikubaaqudgha.
  5284 | D:5      | Reached skill level 8 in Maces & Flails
  5623 | D:5      | Found a glowing drain.
  5627 | Sewer    | Entered a sewer
  6582 | D:6      | Found a viscous altar of Jiyva.
  6595 | D:5      | Reached XP level 8. HP: 15/66 MP: 5/5
  7404 | D:5      | HP: 2/66 [killer bee (5)]
  7409 | D:5      | HP: 1/66 [killer bee (2)]
  7410 | D:5      | Succumbed to a killer bee's poison

Action                   |  1- 3 |  4- 6 |  7- 9 || total
-------------------------+-------+-------+-------++-------
Melee: Mace              |   160 |   128 |   228 ||   516
Throw: Dart              |       |     1 |    26 ||    27
Evoke: Wand              |       |     7 |     4 ||    11
  Use: Scroll            |       |     7 |     4 ||    11
       Potion            |       |     3 |     4 ||     7
